 Dungeon Crawl Stone Soup version 0.30-a0-475-g03497ec522 (webtiles) character file.

Game seed: 966818002201320284

1351 bande the Chopper (level 8, 0/49 HPs)
             Began as a Gargoyle Fighter on Dec 21, 2022.
             Was a Follower of Okawaru.
             Slain by a small abomination (3 damage)
             ... on level 5 of the Dungeon.
             The game lasted 00:10:08 (5390 turns).

bande the Chopper (Gargoyle Fighter)                Turns: 5390, Time: 00:10:09

Health: 0/49       AC: 16    Str: 18    XL:     8   Next: 63%
Magic:  10/10      EV:  9    Int: 15    God:    Okawaru [*.....]
Gold:   324        SH:  5    Dex: 11    Spells: 7/7 levels left

rFire   + . .      SeeInvis .    a - +0 war axe
rCold   x . .      Faith    .    c - +0 buckler
rNeg    + . .      Spirit   .    k - +2 scale mail {rPois}
rPois   ∞          Reflect  .    (no helmet)
rElec   +          Harm     .    (no cloak)
rCorr   +          Rampage  .    (no gloves)
Will    .....                    v - +0 pair of boots
Stlth   ..........               (no amulet)
HPRegen 0.28/turn                m - ring "Votryi" {Fire rElec Str-3 Int+7 Slay+3}
MPRegen 0.12/turn                e - ring of resist corrosion

@: no status effects
A: sickness immunity, AC +5, negative energy resistance 1, electricity
resistance, torment resistance 1, petrification resistance
a: Renounce Religion, Heroism


You were on level 5 of the Dungeon.
You worshipped Okawaru.
Okawaru was aware of your devotion.
You visited 1 branch of the dungeon, and saw 5 of its levels.

You collected 324 gold pieces.

Inventory:

Hand Weapons
 a - a +0 war axe (weapon)
 l - a +0 flail
Missiles
 g - a throwing net (quivered)
Armour
 c - a +0 buckler (worn)
 k - a +2 scale mail of poison resistance (worn)
 v - a +0 pair of boots (worn)
Jewellery
 e - a ring of resist corrosion (right hand)
 m - the ring "Votryi" (left hand) {Fire rElec Str-3 Int+7 Slay+3}
   (You found it on level 2 of the Dungeon)

   [ring of fire]

   It enhances your fire magic.
   Str:       It affects your strength (-3).
   Int:       It affects your intelligence (+7).
   Slay:      It affects your accuracy & damage with ranged weapons and melee
   (+3).
   rF:        It protects you from fire.
   rC:        It makes you vulnerable to cold.
   rElec:     It insulates you from electricity.
Wands
 h - a wand of paralysis (6)
 r - a wand of polymorph (9)
 t - a wand of roots (4)
Scrolls
 b - 4 scrolls of teleportation
Potions
 d - 2 potions of might
 f - 3 potions of curing
 i - a potion of haste {unknown}
 o - a potion of magic
 p - 4 potions of heal wounds
 q - a potion of ambrosia


   Skills:
 + Level 5.1 Fighting
 + Level 6.3 Axes
 + Level 5.7 Armour
 - Level 0.2 Stealth
 + Level 4.9 Shields
 + Level 0.2 Unarmed Combat
 * Level 2.8 Invocations
 * Level 2.2 Evocations


You had 7 spell levels left.
You didn't know any spells.
Your spell library contained the following spells:

 Spells                   Type           Power      Damage    Failure   Level
 Shock                    Conj/Air       0%         1d3       71%         1
 Swiftness                Air            0%         N/A       97%         3
 Airstrike                Air            0%         2d(0-16)  100%        4
 Dispel Undead            Necr           0%         3d6       100%        4
 Cigotuvi's Dreadful Rot  Necr/Pois/Air  Unusable   N/A       N/A         2
 Death Channel            Necr           Unusable   N/A       N/A         6

Dungeon Overview and Level Annotations

Branches:
Dungeon (5/15)             Temple (0/1) D:5

Altars:
Ashenzari
Kikubaaqudgha
Okawaru
Qazlal
Zin

Portals:
Abyss: D:5

Annotations:
D:5 1 transporter


Innate Abilities, Weirdness & Mutations

You are immune to sickness and miasma.
Your stone body is resilient. (AC +5)
You are immune to poison.
You resist negative energy. (rN+)
You are resistant to electric shocks. (rElec)
You are resistant to unholy torment.
You are immune to petrification.


Message History

Balder's ghost is moderately damaged.
Balder's ghost closely misses you.
You hit Balder's ghost but do no damage.
Balder's ghost is moderately damaged.
Balder's ghost hits you but does no damage.
You slash Balder's ghost!
Balder's ghost is heavily damaged.
Balder's ghost hits you.
Balder's ghost hits you but does no damage.
You slash Balder's ghost!
Balder's ghost is severely damaged.
Balder's ghost barely misses you.
You barely miss Balder's ghost.
Balder's ghost is severely damaged.
Balder's ghost hits you but does no damage.
You hit Balder's ghost.
Balder's ghost is severely damaged.
Balder's ghost hits you but does no damage.
You slash Balder's ghost!
Balder's ghost is almost destroyed.
Balder's ghost hits you!
You block the small abomination's attack.
You closely miss Balder's ghost.
Balder's ghost is almost destroyed.
You hit the small abomination. The small abomination hits you!
Balder's ghost hits you. The small abomination hits you!
* * * LOW HITPOINT WARNING * * *
Balder's ghost barely misses you.
You hit Balder's ghost but do no damage.
Balder's ghost is almost destroyed.
You hit the small abomination.
The small abomination hits you but does no damage.
Balder's ghost hits you.
* * * LOW HITPOINT WARNING * * *
You slash Balder's ghost!
You destroy Balder's ghost!
Okawaru accepts your kill.
You hit the small abomination but do no damage.
The small abomination hits you.
You die...

###################..............
#................................
#................................
#.......###..###.................
#..###.##.####.##................
#..#.###...##.!.#................
#..#©.....#..#.!#................
#..##.#####...#x##........#.....#
#...# # # ###.#@##...###########
#...##. #.##.#.).##..##
#....##.#.#..##©##....######
#.....#...##..###..........#
......#.#..#.........#######
....###..#K##..........# #...#
..... #####......## ####
...##∩..### .##.##...#..## ###...
#.©#.# ##©#....xx#.......###...#.


You could see a small abomination.

Vanquished Creatures
  The ghost of Balder the Ducker, a novice GnGl (D:5)
  Grinder (D:3)
  A small abomination (D:5)
  An ice beast (D:5)
  A phantom (D:4)
  A kobold brigand (D:5)
  A howler monkey (D:4)
  A hound (D:5)
  2 gnoll boudas (D:5)
  A centaur skeleton (D:4)
  3 orc priests
  Jessica (D:3)
  Ijyb (D:4)
  Natasha (twice) (D:2)
  Terence (D:1)
  An iguana (D:5)
  An orc wizard (D:3)
  A scorpion zombie (D:4)
  2 hound skeletons (D:4)
  A scorpion simulacrum (D:4)
  9 gnolls (D:5)
  5 adders
  2 ufetubi
  An adder zombie (D:4)
  2 worms
  2 dart slugs
  19 orcs
  8 endoplasms
  2 giant cockroaches
  5 goblins
  11 hobgoblins
  9 jackals
  6 quokkas
  8 ball pythons
  11 bats
  2 frilled lizards
  7 kobolds
  2 rats
136 creatures vanquished.

Vanquished Creatures (others)
  22 withered plants (D:4)
22 creatures vanquished.

Grand Total: 158 creatures vanquished

Notes
Turn   | Place    | Note
-------+----------+-------------------------------------------
     0 | D:1      | bande the Gargoyle Fighter began the quest for the Orb.
     0 | D:1      | Reached XP level 1. HP: 14/14 MP: 1/1
    53 | D:1      | Reached XP level 2. HP: 19/19 MP: 2/2
    61 | D:1      | Reached skill level 2 in Axes
   545 | D:1      | Reached XP level 3. HP: 21/23 MP: 3/3
   914 | D:2      | Noticed Terence
   930 | D:1      | Killed Terence
  1175 | D:2      | Reached XP level 4. HP: 29/29 MP: 4/4
  1208 | D:2      | Noticed Natasha
  1220 | D:2      | Killed Natasha
  1221 | D:2      | Reached skill level 3 in Axes
  1324 | D:2      | Identified the ring "Votryi" {Fire rElec Str-3 Int+7
                  | Slay+3}
  1447 | D:2      | Found a broken altar of Ashenzari.
  1537 | D:2      | Noticed Natasha
  1554 | D:2      | Killed Natasha
  1555 | D:2      | Reached XP level 5. HP: 6/33 MP: 5/5
  1661 | D:2      | You fall into a shaft and drop 2 floors!
  1734 | D:3      | Noticed Jessica
  1754 | D:3      | Killed Jessica
  1892 | D:3      | Reached skill level 4 in Axes
  1892 | D:3      | Reached XP level 6. HP: 12/38 MP: 6/6
  2299 | D:3      | Noticed Grinder
  2307 | D:3      | Paralysed by Grinder for 4 turns
  2333 | D:3      | Killed Grinder
  2334 | D:3      | Reached XP level 7. HP: 31/44 MP: 7/7
  2791 | D:3      | Found an iron altar of Okawaru.
  3016 | D:3      | Became a worshipper of Warmaster Okawaru
  3187 | D:4      | Noticed Ijyb
  3203 | D:4      | Killed Ijyb
  3489 | D:4      | Reached skill level 5 in Axes
  3595 | D:4      | Reached skill level 5 in Armour
  3706 | D:4      | Found a stormy altar of Qazlal.
  3710 | D:4      | Reached skill level 1 in Evocations
  3736 | D:4      | Reached skill level 1 in Invocations
  3799 | D:4      | Found the +4 dagger "Morg" {pain, Will+ Int+5}
  3878 | D:4      | Found a glowing silver altar of Zin.
  4270 | D:4      | Found an ancient bone altar of Kikubaaqudgha.
  4425 | D:5      | Entered Level 5 of the Dungeon
  4436 | D:5      | Reached XP level 8. HP: 40/48 MP: 9/9
  4730 | D:5      | Found a staircase to the Ecumenical Temple.
  4746 | D:5      | Reached * piety under Okawaru
  4753 | D:5      | Reached skill level 6 in Axes
  5004 | D:5      | Found a transporter.
  5054 | D:5      | Found a one-way gate to the infinite horrors of the Abyss.
  5054 | D:5      | Noticed Balder's ghost (novice GnGl)
  5068 | D:5      | Found a transporter.
  5284 | D:5      | Noticed a small abomination
  5293 | D:5      | Killed a small abomination
  5294 | D:5      | Reached skill level 5 in Fighting
  5389 | D:5      | HP: 2/49 [Balder's ghost (1)]
  5390 | D:5      | Killed Balder's ghost
  5390 | D:5      | Slain by a small abomination

Illustrated notes

Levels and vault maps discovered:
D:1:      mrwooster_arrival_statue_2, layout_basic, nrook_uturn
D:2:      layout_basic, basic_altar, minmay_domino_4, uniq_natasha,
          uniq_crazy_yiuf_cottage, uniq_terence
D:3:      layout_basic, mainiacjoe_overflow_surrounded_room, uniq_grinder,
          uniq_jessica
D:4:      layout_basic, mainiacjoe_overflow_24_doors,
          mainiacjoe_overflow_catch_the_wave, dilly_guarded_unrand_morg,
          uniq_ijyb
D:5:      layout_rooms, minmay_temple_entry_trees,
          gammafunk_ghost_abyssal_escape

Skill      XL: |  1  2  3  4  5  6  7  8 |
---------------+-------------------------+-----
Axes           | 2 3 4 5 6 |  6.3
Armour         | 4 5 |  5.7
Fighting       | 4 5 |  5.1
Shields        | 4 |  4.9
Evocations     | 1 2 |  2.2
Invocations    | 1 2 |  2.8
Stealth        | |  0.2
Unarmed Combat | |  0.2

Action                   |  1- 3 |  4- 6 |  7- 9 || total
-------------------------+-------+-------+-------++-------
Melee: War axe           |    85 |   139 |   207 ||   431
       Unarmed           |       |     3 |       ||     3
  Use: Scroll            |       |       |    12 ||    12
Armor: Scale mail        |    47 |    75 |   145 ||   267
Dodge: Dodged            |    41 |    49 |   107 ||   197
Block: Buckler           |    25 |    33 |    53 ||   111

Table legend: (Time is in decaauts)
 A = Elapsed time spent in this place.
 B = Non-inter-level travel time spent in this place.
 C = Inter-level travel time spent in this place.
 D = Time resting spent in this place.
 E = Time spent auto-exploring this place.
 F = Levels seen in this place.
 G = Mean time per level.
                   A        B        C        D        E       F      G
               +--------+--------+--------+--------+--------+-----+--------+
         Total |   5535 |   5421 |    114 |   1947 |   2303 |   5 | 1107.0 |
       Dungeon |   5535 |   5421 |    114 |   1947 |   2303 |   5 | 1107.0 |
               +--------+--------+--------+--------+--------+-----+--------+

Top non-repeatable levels by time:
     D:4: 1418 daAuts
     D:3: 1409 daAuts
     D:1: 1204 daAuts
     D:5: 984 daAuts
     D:2: 520 daAuts
